 Dungeon Crawl Stone Soup version 0.24-a0-278-gefa1973 (webtiles) character file.

Game seed: 10295850389555197078

270 Hasart the Firebug (level 6, -1/32 HPs)
             Began as a Deep Elf Fire Elementalist on Apr 30, 2019.
             Slain by a wight
             ... wielding a +0 war axe
              (3 damage)
             ... on level 6 of the Dungeon.
             The game lasted 00:03:38 (3057 turns).

Hasart the Firebug (Deep Elf Fire Elementalist)     Turns: 3057, Time: 00:03:39

Health: -1/32      AC:  3    Str:  5    XL:     6   Next: 1%
Magic:  2/14       EV: 13    Int: 22    God:
Gold:   136        SH:  0    Dex: 15    Spells: 8/13 levels left

rFire    + . .     SeeInvis .   s - +4 short sword
rCold    . . .     Gourm    .   (no shield)
rNeg     . . .     Faith    .   a - +0 robe
rPois    .         Spirit   .   (no helmet)
rElec    .         Reflect  .   (no cloak)
rCorr    .         Harm     .   q - +0 pair of gloves
MR       .....                  (no boots)
Stlth    ++........             (no amulet)
HPRegen  0.10/turn              l - ring of protection from fire
MPRegen  0.14/turn              (no ring)

@: very slightly contaminated, drained
A: no striking features
a: no special abilities


You were on level 6 of the Dungeon.
You were not hungry.

You visited 1 branch of the dungeon, and saw 4 of its levels.

You collected 136 gold pieces.

Inventory:

Hand Weapons
 s - a +4 short sword (weapon)
Armour
 a - a +0 robe (worn)
 q - a +0 pair of gloves (worn)
Jewellery
 l - a ring of protection from fire (left hand)
Scrolls
 b - 7 scrolls of identify {unknown}
 h - 2 scrolls of teleportation {unknown}
 m - 2 scrolls of remove curse {unknown}
 o - a scroll of blinking {unknown}
 p - 2 scrolls of enchant weapon {unknown}
Potions
 d - a potion of flight {unknown}
 e - a potion of berserk rage {unknown}
 f - a potion of brilliance {unknown}
 g - a potion of haste {unknown}
 i - 3 potions of degeneration {unknown}
 j - 2 potions of curing {unknown}
 n - a potion of agility {unknown}
Comestibles
 c - 6 rations
 r - 6 chunks of flesh


   Skills:
 + Level 3.8(3.2) Dodging
 - Level 2.4(1.8) Stealth
 + Level 4.2(3.5) Spellcasting
 * Level 3.8(3.1) Conjurations
 * Level 5.1(4.4) Fire Magic


You had 8 spell levels left.
You knew the following spells:

 Your Spells              Type           Power        Failure   Level  Hunger
a - Flame Tongue          Conj/Fire      ###..        2%          1    None
b - Sticky Flame          Conj/Fire      ###.....     24%         4    ####...

Your spell library contained the following spells:

 Spells                   Type           Power        Failure   Level  Hunger
 Throw Flame              Conj/Fire      ###...       3%          2    ##.....
 Conjure Flame            Conj/Fire      ###.....     8%          3    ###....
 Inner Flame              Hex/Fire       ##......     14%         3    ###....
 Fireball                 Conj/Fire      ###.......   56%         5    ######.


Dungeon Overview and Level Annotations

Branches:
Dungeon (3/15)

Altars:
Hepliaklqana
Xom
Zin


Message History

Aim: a wight, wielding a +0 mace and wearing a +0 robe (almost destroyed)
The flame tongue hits the wight.
You destroy the wight!
You have reached level 6!
Your experience leads to an increase in your attributes!
Increase (S)trength, (I)ntelligence, or (D)exterity?
You feel clever. The wight hits you with a +0 war axe.
You feel drained.
Casting: Flame Tongue (safe; 1% risk of failure)
Confirm with . or Enter, or press ? or * to list all spells.
Aiming: Sticky Flame (slightly dangerous; 21% risk of failure)
Press: ? - help, Shift-Dir - straight line, f - wight
Aim: a wight, wielding a +0 war axe and wearing a +0 robe The sticky flame hits the wight.
The wight is lightly damaged.
The wight is covered in liquid flames!
The wight burns!
The wight hits you with a +0 war axe!
* * * LOW HITPOINT WARNING * * *
You feel drained.
You die...

######### #.......#
#.....$.# #.......#
........# ........#
[.....)z##### ######
# ##@....###....#
...#.......##....#
#.......).......#
##.....)...####.....
##.........# ##...
#..........### ..
#..######.....## .
....#....#..##..#.
### #.88.#.........


You could see a wight (burning).

Vanquished Creatures
  A scorpion (D:6)
  2 wights (D:6)
  An orc wizard (D:3)
  A gnoll (D:1)
  4 adders
  2 worms (D:2)
  2 dart slugs
  5 leopard geckos
  2 orcs (D:6)
  2 giant cockroaches
  6 goblins
  3 hobgoblins (D:1)
  5 kobolds
  A quokka (D:6)
  A ball python (D:2)
  7 bats
  6 frilled lizards
  5 rats
56 creatures vanquished.

Notes
Turn   | Place    | Note
-------+----------+-------------------------------------------
     0 | D:1      | Hasart the Deep Elf Fire Elementalist began the quest for
                  | the Orb.
     0 | D:1      | Reached XP level 1. HP: 10/10 MP: 6/6
   197 | D:1      | Reached XP level 2. HP: 15/15 MP: 4/8
   797 | D:1      | Reached XP level 3. HP: 19/19 MP: 7/9
  1462 | D:2      | Reached skill level 4 in Fire Magic
  1544 | D:2      | Found a shimmering altar of Xom.
  1604 | D:2      | Found a hazy altar of Hepliaklqana.
  1958 | D:2      | Reached XP level 4. HP: 22/24 MP: 6/11
  2563 | D:3      | Found a glowing silver altar of Zin.
  2878 | D:3      | You fall through a shaft for 3 floors!
  2890 | D:6      | Reached XP level 5. HP: 24/28 MP: 2/12
  2997 | D:6      | Reached skill level 5 in Fire Magic
  3003 | D:6      | Learned a level 4 spell: Sticky Flame
  3056 | D:6      | Reached XP level 6. HP: 14/32 MP: 5/14
  3057 | D:6      | Slain by a wight

Levels and vault maps discovered:
D:1:      minmay_arrival_plants_in_alcoves, layout_basic
D:2:      layout_basic, overflow_temple_1_default, first_ration,
          brannock_xom_greatest_gift
D:3:      layout_rooms, chequers_temple_overflow_statue_of_worship,
          nicolae_overflow_hidden_temple, chequers_ecumenical_altar_island
D:6:      minmay_chambers_of_fours, layout_rooms, lemuel_temple_firewalk_a

Skill      XL: |  1  2  3  4  5 |
---------------+----------------+-----
Conjurations   | 2 3 |  3.8
Dodging        | 3 |  3.8
Fire Magic     | 4 5 |  5.1
Spellcasting   | 4 |  4.2
Stealth        | |  2.4

Action                   |  1- 3 |  4- 6 || total
-------------------------+-------+-------++-------
Melee: Spear             |     1 |     1 ||     2
       Short sword       |       |     3 ||     3
 Cast: Flame Tongue      |    60 |    48 ||   108
       Sticky Flame      |       |     1 ||     1
  Eat: Chunk             |     3 |     3 ||     6
Armor: Robe              |     4 |     1 ||     5
Dodge: Dodged            |    18 |    12 ||    30

Table legend:
 A = Non-vault XP
 B = Vault XP
 C = Vault XP percentage of total XP
 D = Non-vault monster count
 E = Vault monster count
 F = Vault count percentage of total count
                 A         B        C        D         E       F
            +---------+---------+-------+---------+---------+-------
      Total |     310 |      77 |  19.9 |      54 |       2 |   3.6
            +---------+---------+-------+---------+---------+-------
        D:1 |      47 |       0 |   0.0 |      19 |       0 |   0.0
        D:2 |      69 |       0 |   0.0 |      25 |       0 |   0.0
        D:3 |      71 |       0 |   0.0 |       5 |       0 |   0.0
        D:6 |     123 |      77 |  38.5 |       5 |       2 |  28.6
            +---------+---------+-------+---------+---------+-------
